 Dungeon Crawl Stone Soup version 0.30.1-11-g7821555f0a (webtiles) character file.

Game seed: 2483522308058539424

91 groovy9 the Chopper (level 4, -4/40 HPs)
             Began as a Hill Orc Fighter on Jan 11, 2024.
             Slain by Sigmund
             ... wielding a +0 scythe
              (9 damage)
             ... on level 2 of the Dungeon.
             The game lasted 00:03:28 (1562 turns).

groovy9 the Chopper (Hill Orc Fighter)              Turns: 1562, Time: 00:03:29

Health: -4/40      AC: 10    Str: 20    XL:     4   Next: 57%
Magic:  4/4        EV:  7    Int:  8    God:
Gold:   74         SH:  4    Dex: 10    Spells: 3/3 levels left

rFire   . . .        a - +0 war axe
rCold   . . .        c - +0 buckler
rNeg    . . .        m - +0 chain mail
rPois   .            i - +0 helmet
rElec   .            (no cloak)
rCorr   .            (no gloves)
SInv    .            (no boots)
Will    .....        (no amulet) Stlth
                     (no ring)
HPRegen 0.26/turn    (no ring)
MPRegen 0.09/turn

%: no passive effects
@: mighty
A: no striking features
a: no special abilities


You were on level 2 of the Dungeon.
You visited 1 branch of the dungeon, and saw 2 of its levels.

You collected 74 gold pieces.

Inventory:

Hand Weapons
 a - a +0 war axe (weapon)
Armour
 c - a +0 buckler (worn)
 i - a +0 helmet (worn)
 m - a +0 chain mail (worn)
Jewellery
 k - an amulet of guardian spirit
Scrolls
 b - a scroll of blinking {unknown}
 e - 2 scrolls of identify {unknown}
 j - a scroll of teleportation {unknown}
 l - a scroll of poison {unknown}
Potions
 f - 4 potions of curing {unknown}
 g - a potion of attraction {unknown}
 h - 3 potions of lignification {unknown}
 n - 3 potions of berserk rage {unknown}


   Skills:
 + Level 4.1 Fighting
 * Level 5.1 Axes
 + Level 3.9 Armour
 - Level 3.2 Shields


You had 3 spell levels left.
You didn't know any spells.
Your spell library was empty.

Dungeon Overview and Level Annotations

Branches:
Dungeon (2/15)

Altars:

Annotations:
D:2 Sigmund


Message History

You bump into the rock wall.
Something hits you. The kobold completely misses you.
You bump into the rock wall.
The kobold hits you but does no damage. Something hits you.
You closely miss the kobold. The kobold closely misses you.
You hear some strange, mumbled words.
Something tries to affect you, but you resist.
The kobold completely misses you.
You're too confused to move!
You feel less confused. Something hits you!
* * * LOW HITPOINT WARNING * * *
The kobold hits you but does no damage.
You closely miss the kobold. The kobold barely misses you.
You hit the kobold.
You kill the kobold!
You hear some strange, mumbled words.
You are confused.
A magic dart appears from out of thin air!
The magic dart hits you.
* * * LOW HITPOINT WARNING * * *
You bump into the rock wall.
Something hits you but does no damage.
You feel very mighty all of a sudden. Something hits you but does no damage.
Something hits you.
* * * LOW HITPOINT WARNING * * *
Things that are here:
a +0 whip; a +0 scale mail; 12 gold pieces You bump into the rock wall.
You feel less confused. Something hits you but does no damage.
You slash something!
You hear some strange, mumbled words.
A magic dart appears from out of thin air!
The magic dart hits you but does no damage.
You closely miss something. Something hits you but does no damage.
You hit something. Something hits you.
* * * LOW HITPOINT WARNING * * *
You barely miss something. Something hits you!
You die...

†.........>#
##.##.####.# #. .#
...##.# #.####.#.#
.####+# #.##.....# ##
#.##.....# .#
#.##.....# ###
#.##.....# #.#
#.##.....# #.#
#......@{# #.# #+#
#..###)..# #.###.#
#..# #...#
#.....####..# ###!#
..†.........### #.#
#.###.........# #.#
#.###.........# #.####
#######
...##.........# #..#.#
#..##.#
#..##.........###..#.#
#..##.#


There were no monsters in sight!

Vanquished Creatures
  Terence (D:2)
  3 adders (D:2)
  2 dart slugs (D:2)
  3 endoplasms
  4 giant cockroaches
  4 goblins
  4 hobgoblins (D:2)
  2 jackals (D:1)
  3 quokkas (D:1)
  2 ball pythons (D:1)
  A bat (D:1)
  2 kobolds
  A rat (D:1)
32 creatures vanquished.

Notes
Turn   | Place    | Note
-------+----------+-------------------------------------------
     0 | D:1      | groovy9 the Hill Orc Fighter began the quest for the Orb.
     0 | D:1      | Reached XP level 1. HP: 19/19 MP: 1/1
    70 | D:1      | Reached skill level 3 in Axes
   101 | D:1      | Reached XP level 2. HP: 26/27 MP: 2/2
   127 | D:1      | Found a faded altar of an unknown god.
   963 | D:2      | Noticed Terence
   982 | D:2      | Killed Terence
   983 | D:2      | Reached skill level 4 in Axes
   983 | D:2      | Reached XP level 3. HP: 29/33 MP: 3/3
  1124 | D:2      | Reached XP level 4. HP: 38/40 MP: 4/4
  1212 | D:2      | Reached skill level 5 in Axes
  1540 | D:2      | Noticed Sigmund
  1562 | D:2      | Slain by Sigmund

Illustrated notes

Levels and vault maps discovered:
D:1:      co_arrival_square_in_a_square_in_a_square, layout_basic,
          hellmonk_ecumenical_altar_pennies_from_heaven
D:2:      minmay_angry_zag, layout_basic, corexii_hall_statues_l,
          guppyfry_early_lair_pool, uniq_terence, uniq_sigmund

Skill      XL: |  1  2  3  4 |
---------------+-------------+-----
Axes           | 3 4 5 |  5.1
Fighting       | 4 |  4.1
Armour         | |  3.9
Shields        | |  3.2

Action                     |  1- 3 |  4- 6 || total
---------------------------+-------+-------++-------
  Melee: War axe           |    60 |    41 ||   101
    Use: Potion            |       |     1 ||     1
 Armour: Scale mail        |    14 |       ||    14
         Chain mail        |    15 |    28 ||    43
  Dodge: Dodged            |    26 |    17 ||    43
  Block: Buckler           |     7 |     5 ||    12
